 Dungeon Crawl Stone Soup version 0.30-a0-358-g0d69a1922f (webtiles) character file.

Game seed: 10565815349146544362

344 Asagix the Ruffian (level 6, -2/72 HPs)
             Began as a Demonspawn Berserker on Nov 10, 2022.
             Was a Believer of Trog.
             Slain by Pikel
             ... wielding a +0 whip of freezing
              (3 damage)
             ... on level 4 of the Dungeon.
             The game lasted 00:05:19 (2841 turns).

Asagix the Ruffian (Demonspawn Berserker)           Turns: 2841, Time: 00:05:20

Health: -2/72      AC: 14    Str: 19    XL:     6   Next: 31%
Magic:  6/6        EV:  8    Int:  8    God:    Trog [**....]
Gold:   136        SH:  4    Dex: 13    Spells: 5/5 levels left

rFire   . . .      SeeInvis .    l - +0 scythe
rCold   . . .      Faith    .    (shield currently unavailable)
rNeg    . . .      Spirit   .    b - +0 chain mail
rPois   .          Reflect  .    s - +2 helmet
rElec   .          Harm     .    g - +0 cloak
rCorr   .          Rampage  .    (no gloves)
Will    .....                    j - +0 pair of boots
Stlth   ..........               (no amulet)
HPRegen 0.32/turn                (no ring)
MPRegen 0.10/turn                (no ring)

@: berserking (expiring), very quick
A: large bone plates 1, demonic touch 1
a: Renounce Religion, Berserk, Trog's Hand


You were on level 4 of the Dungeon.
You worshipped Trog.
Trog was pleased with you.
You visited 1 branch of the dungeon, and saw 4 of its levels.

You collected 136 gold pieces.

Inventory:

Hand Weapons
 k - a +1 antimagic hand axe
 l - a +0 scythe (weapon)
Armour
 a - a +0 animal skin
 b - a +0 chain mail (worn)
 g - a +0 cloak (worn)
 j - a +0 pair of boots (worn)
 s - a +2 helmet (worn)
Scrolls
 c - 3 scrolls of noise {unknown}
 d - 4 scrolls of identify {unknown}
 i - a scroll of poison {unknown}
 m - a scroll of brand weapon {unknown}
 n - a scroll of silence {unknown}
 o - a scroll of magic mapping {unknown}
 p - a scroll of enchant weapon {unknown}
Potions
 e - 2 potions of might {unknown}
 f - a potion of flight {unknown}
 h - 4 potions of curing {unknown}
 q - a potion of berserk rage {unknown}
 r - a potion of invisibility {unknown}


   Skills:
 + Level 3.9 Fighting
 + Level 0.7(0.9) Axes
 + Level 0.6(0.9) Polearms
 + Level 3.2 Armour
 + Level 2.1 Dodging
 + Level 0.1 Stealth
 + Level 0.9 Shields
 + Level 4.8 Unarmed Combat


You had 5 spell levels left.
You didn't know any spells.
Your spell library was empty.

Dungeon Overview and Level Annotations

Branches:
Dungeon (4/15)
 Temple: D:4-7

Altars:
Qazlal
Uskayaw

Annotations:
D:4 Pikel


Innate Abilities, Weirdness & Mutations

You are partially covered in large bone plates. (SH +4)
Your touch may inflict minor irresistible damage on your foes.


Message History

* * * LOW HITPOINT WARNING * * *
You block the endoplasm's attack. The kobold hits you but does no damage.
You miss Pikel.
The ufetubus shouts!
You block the endoplasm's attack. The kobold hits you but does no damage.
The lemure barely misses you. Pikel completely misses you.
You miss Pikel. You closely miss Pikel. You block Pikel's attack.
The endoplasm misses you. The kobold barely misses you.
You block the lemure's attack.
You completely miss Pikel. The kobold hits you but does no damage.
The lemure hits you.
* * * LOW HITPOINT WARNING * * *
Pikel closely misses you.
The endoplasm hits you but does no damage.
You closely miss Pikel.
Pikel hits you with a +0 whip of freezing.
* * * LOW HITPOINT WARNING * * *
Pikel freezes you.
* * * LOW HITPOINT WARNING * * *
The endoplasm barely misses you. The lemure hits you.
* * * LOW HITPOINT WARNING * * *
The kobold hits you but does no damage.
You slash Pikel!
Pikel is heavily wounded.
Pikel hits you but does no damage. The endoplasm freezes you.
You are frozen.
* * * LOW HITPOINT WARNING * * *
The kobold barely misses you. The lemure hits you but does no damage.
You closely miss Pikel.
Pikel is heavily wounded.
You block Pikel's attack.
The endoplasm hits you but does no damage.
The kobold closely misses you. The lemure closely misses you.
You hit Pikel but do no damage.
Pikel is heavily wounded.
Pikel hits you with a +0 whip of freezing.
* * * LOW HITPOINT WARNING * * *
Pikel freezes you.
You die...

## .. ## .## .##.###.#
.....#.#####
#..#.......# ###
#.#.#.#..#.# ##.##
.........†.# ##.#.##
...#.#.#J#..#.####.....#
#...5@K.o##.....#...#.
##.#>#K#5#######.....#
....55o# #........
#.#.#o#o# #........
######...# #........ .
..# ####...#. .. ..#
#...#. .. ...####...#.
+........


You could see Pikel, 3 lemures, an orc priest, 3 orcs, an ufetubus, an endoplasm
and a kobold.

Vanquished Creatures
  Sigmund (D:3)
  An orc wizard (D:3)
  An iguana (D:4)
  3 adders
  4 gnolls (D:3)
  3 dart slugs
  9 orcs
  3 bats
  2 endoplasms
  A giant cockroach (D:2)
  5 goblins
  3 hobgoblins
  2 jackals (D:4)
  8 kobolds
  A quokka (D:2)
  5 ball pythons
  A frilled lizard (D:1)
  4 rats
57 creatures vanquished.

Vanquished Creatures (others)
  17 fungi
17 creatures vanquished.

Grand Total: 74 creatures vanquished

Notes
Turn   | Place    | Note
-------+----------+-------------------------------------------
     0 | D:1      | Asagix the Demonspawn Berserker began the quest for the
                  | Orb.
     0 | D:1      | Reached XP level 1. HP: 18/18 MP: 1/1
   334 | D:1      | Gained mutation: You are partially covered in large bone
                  | plates. (SH +4) [demonic ancestry]
   334 | D:1      | Reached XP level 2. HP: 24/24 MP: 2/2
   368 | D:1      | Reached skill level 3 in Unarmed Combat
   595 | D:1      | You fall into a shaft and drop 1 floor!
   675 | D:2      | Found a faded altar of an unknown god.
  1348 | D:3      | Reached XP level 3. HP: 9/29 MP: 3/3
  1511 | D:3      | Reached XP level 4. HP: 35/35 MP: 4/4
  1668 | D:3      | Noticed Sigmund
  1691 | D:3      | Killed Sigmund
  1692 | D:3      | Reached skill level 4 in Unarmed Combat
  1692 | D:3      | Reached XP level 5. HP: 30/42 MP: 1/5
  1692 | D:3      | Gained mutation: Your touch may inflict minor irresistible
                  | damage on your foes. [demonic ancestry]
  1692 | D:3      | Reached XP level 6. HP: 34/48 MP: 2/6
  1859 | D:3      | Found a stormy altar of Qazlal.
  1879 | D:3      | Reached ** piety under Trog
  2110 | D:3      | Found a hide-covered altar of Uskayaw.
  2113 | D:3      | Noticed a +0 dagger
  2114 | D:3      | Noticed a +0 hand axe
  2823 | D:4      | Noticed Pikel
  2841 | D:4      | HP: 1/72 [Pikel/+0 whip of freezing (6)]
  2841 | D:4      | Slain by Pikel

Illustrated notes

Levels and vault maps discovered:
D:1:      giann_wishing_wells, layout_basic
D:2:      layout_basic, serial_forest, infiniplex_forest_end_3,
          infiniplex_forest_clump_C, infiniplex_forest_lined_room_3,
          infiniplex_forest_lined_2, infiniplex_forest_end_2,
          infiniplex_forest_lined_3_way, infiniplex_forest_lined_2,
          infiniplex_forest_split, dreamdust_ecumenical_altar_grove,
          minivault_14, palyth_stone_intersect
D:3:      layout_loops_ring, nicolae_qazlal_general_emergency,
          dancing_weapons_uskayaw, kennysheep_flooded_box, uniq_sigmund
D:4:      layout_loops_corners, fiery_altar_vehumet, serial_aquarium,
          aquarium_bridge_straight [aquarium_subvault_bridge,
          aquarium_subvault_balcony, aquarium_subvault_bridge,
          aquarium_subvault_window], aquarium_bridge_square
          [aquarium_subvault_bridge, aquarium_subvault_window,
          aquarium_subvault_bridge, aquarium_subvault_wall], aquarium_window_2,
          aquarium_window_corridor_3, aquarium_view_2d, aquarium_view_2f,
          st_stairs_8, uniq_pikel, uniq_menkaure

Skill      XL: |  1  2  3  4 |
---------------+-------------+-----
Unarmed Combat | 3 4 |  4.8
Dodging        | 2 |  2.1
Armour         | 2 3 |  3.2
Fighting       | |  3.9
Axes           | |  0.7
Polearms       | |  0.6
Stealth        | |  0.1
Shields        | |  0.9

Action                   |  1- 3 |  4- 6 || total
-------------------------+-------+-------++-------
Melee: Unarmed           |    82 |    52 ||   134
       Punch             |     4 |     3 ||     7
       Hand axe          |       |    20 ||    20
       Halberd           |       |    91 ||    91
Invok: Berserk           |     1 |     1 ||     2
Armor: Chain mail        |    38 |   122 ||   160
Dodge: Dodged            |    27 |    54 ||    81
Block: Other             |    11 |    32 ||    43

Table legend: (Time is in decaauts)
 A = Elapsed time spent in this place.
 B = Non-inter-level travel time spent in this place.
 C = Inter-level travel time spent in this place.
 D = Time resting spent in this place.
 E = Time spent auto-exploring this place.
 F = Levels seen in this place.
 G = Mean time per level.
                   A        B        C        D        E       F      G
               +--------+--------+--------+--------+--------+-----+--------+
         Total |   2878 |   2865 |     13 |     50 |   2160 |   4 |  719.5 |
       Dungeon |   2878 |   2865 |     13 |     50 |   2160 |   4 |  719.5 |
               +--------+--------+--------+--------+--------+-----+--------+

Top non-repeatable levels by time:
     D:3: 988 daAuts
     D:2: 724 daAuts
     D:1: 594 daAuts
     D:4: 571 daAuts
